[Event "French Top 16-A 2024"]
[Site "Chartres"]
[Date "2024.06.02"]
[Round "4.7"]
[White "Loiseau, Quentin"]
[Black "Degraeve, Jean-Marc"]
[Result "1/2-1/2"]
[ECO "E98"]
[WhiteElo "2411"]
[BlackElo "2463"]
[Annotator "TA"]
[PlyCount "65"]
[EventDate "2024.06.01"]
[EventType "team-tourn"]
[EventCountry "FRA"]
[SourceTitle "playchess.com"]
[Source "ChessBase"]
[SourceQuality "1"]
[TimeControl "40/5400+30:1800+30"]

1. d4 Nf6 2. c4 g6 3. Nc3 Bg7 4. e4 d6 5. Be2 O-O 6. Nf3 e5 7. O-O Nc6 8. d5 Ne7 9. Ne1 Ne8 10. Be3 f5 11. f3 Kh8 12. Nd3 Ng8 13. c5 Bh6 14. Bxh6 {[%emt 0:02:03] White is slightly better.} Nxh6 15. f4 exf4 16. cxd6 (16. Nxf4 dxc5 17. e5 g5 $16) 16... cxd6 (16... fxe4 $11 17. dxc7 (17. Nxe4 Nxd6 18. Ndc5 Qe7 $11) 17... Qxc7 18. Nxe4 Bf5 19. Rxf4 Nf6 20. Nxf6 Bxd3) 17. Nxf4 $14 Qb6+ 18. Kh1 {[%emt 0:01:56] Qd2 is the strong threat. Active counter play!} Ng7 19. Qd2 Nf7 $1 20. exf5 Bxf5 {[%emt 0:01:55] [#]} 21. Ne6 Nxe6 $11 {[%emt 0:01:33] The position is equal.} 22. dxe6 Bxe6 23. Rf6 Rae8 24. Raf1 {[%emt 0:08:31] aiming for Bb5.} Kg7 25. Ne4 {[%emt 0:08:14][%mdl 1024] White has compensation.} d5 {[%emt 0:27:06] Wards off b3} 26. Ng3 {[%emt 0:01:08] [#] Threatens to win with Qf4.} (26. Qc3 $5 d4 $8 27. Qg3 $16) 26... Qd6 27. Bg4 Qe5 28. Qf2 {[%emt 0:01:42] Strongly threatening Bxe6.} Bxg4 29. Rxf7+ Rxf7 30. Qxf7+ Kh6 31. h3 Bxh3 32. gxh3 {[%emt 0:02:30] Black must now prevent Kg2.} Qxg3 33. Qxe8 {[%emt 0:00:02] Weighted Error Value: White=0.09 (flawless) /Black=0.04 (flawless) .  Mistake:       	White=1     	Black=1      Inaccurate:     	White=1     	Black=2      OK:         	White=8     	Black=8      Best:        	White=4     	Black=1      Strong:       	---       	Black=1} 1/2-1/2

[Event "French Top 16-A 2024"]
[Site "Chartres"]
[Date "2024.06.02"]
[Round "4.7"]
[White "Pucher, Sebastien"]
[Black "Malassagne, Isabelle"]
[Result "0-1"]
[ECO "A34"]
[WhiteElo "2196"]
[BlackElo "2090"]
[Annotator "RC"]
[PlyCount "70"]
[EventDate "2024.06.01"]
[EventType "team-tourn"]
[EventCountry "FRA"]
[SourceTitle "playchess.com"]
[Source "ChessBase"]
[SourceQuality "1"]
[TimeControl "40/5400+30:1800+30"]

1. Nf3 Nf6 2. c4 c5 3. Nc3 d5 4. cxd5 Nxd5 5. e3 Nc6 6. Bb5 e6 7. Ne5 Qc7 8. Nxc6 bxc6 9. Bc4 Nb6 10. Be2 Be7 11. O-O O-O 12. Qc2 f5 13. b3 Bd6 14. h3 e5 15. Ba3 Qe7 16. d3 Rf6 17. Rfe1 Rg6 18. Bf1 Qg5 19. f3 Ba6 20. Qf2 Rd8 21. e4 f4 22. Red1 Bc8 23. Kh1 Qe7 24. Rac1 Ba6 25. Rc2 c4 26. Bxd6 Rgxd6 27. bxc4 Nxc4 28. dxc4 Rxd1 29. Nxd1 Rxd1 30. Kh2 Qd8 31. Qxa7 Rxf1 32. Qxa6 h5 33. Qxc6 Qh4 34. Qc8+ Kh7 35. Qf5+ Kh6 0-1

[Event "French Top 16-A 2024"]
[Site "Chartres"]
[Date "2024.06.02"]
[Round "4.8"]
[White "Pelletier, Yannick"]
[Black "Milliet, Sophie"]
[Result "1/2-1/2"]
[ECO "A01"]
[WhiteElo "2515"]
[BlackElo "2385"]
[Annotator "TA"]
[PlyCount "115"]
[EventDate "2024.06.01"]
[EventType "team-tourn"]
[EventCountry "FRA"]
[SourceTitle "playchess.com"]
[Source "ChessBase"]
[SourceQuality "1"]
[TimeControl "40/5400+30:1800+30"]

1. b3 e5 2. Bb2 Nc6 3. e3 Nf6 4. Nf3 e4 5. Nd4 Nxd4 6. Bxd4 d5 7. c4 dxc4 8. Bxc4 Bf5 {[%emt 0:04:03] White has an edge.} 9. Nc3 Bd6 10. f3 Nh5 {[%emt 0:14:48] [#]} (10... O-O $11 {keeps the balance.}) 11. Nxe4 (11. O-O $1 $16 c5 12. Bxc5 (12. fxe4 Bg6 $11) 12... Bxc5 13. Bxf7+ Kxf7 14. fxe4) 11... Bxe4 $11 12. fxe4 Qh4+ 13. Ke2 Qxe4 {[%emt 0:02:55] White must now prevent ...Nf4+.} 14. Kf2 Qg6 (14... Nf6 $1 $11) 15. Qf3 $16 O-O 16. g4 {[%emt 0:09:00] White is more active.} Nf6 17. Bxf6 ({And not} 17. Qxb7 Be5 (17... Nxg4+ 18. Ke2 $17) (17... Qxg4 18. Bxf6 Qf5+ 19. Qf3 $16) 18. Bxe5 Nxg4+ (18... Qxg4 $2 19. Bxf6 Qf5+ 20. Qf3 $18) 19. Ke1 Nxe5 $17) 17... Qxf6 18. Qxf6 gxf6 19. Ke2 Rad8 20. Raf1 Kg7 21. Rf5 Bb4 22. d4 Rfe8 23. Kd3 {[%emt 0:03:24] Strongly threatening g5.} Re5 24. Rhf1 {[%emt 0:00:07] Hoping for Rxe5.} Rxf5 25. Rxf5 $14 {[%emt 0:00:13][%mdl 4096] Endgame. KRB-KRB} c6 {[%emt 0:00:34] Inhibits Rb5.} 26. a4 h6 27. Ke2 Rd7 28. h4 Re7 29. Bd3 Bc3 30. Rf4 Bb4 31. Rf5 Bc3 $1 32. Rf4 Bb4 33. Bf5 Bd6 34. Rf3 Re8 35. Kd3 a5 36. Kc4 Bb4 37. e4 (37. Bc2 $14) 37... Re7 38. Rd3 Rc7 39. Rd1 Bd6 40. Rg1 Be7 41. Rg2 Kf8 42. Re2 Kg7 43. h5 Bb4 44. e5 Re7 {[%emt 0:00:00] The position is equal.} 45. Bc8 Kf8 46. Re4 b6 47. Bf5 fxe5 48. dxe5 Kg7 49. Re2 Bc5 50. Kd3 Re8 51. Kc4 Re7 52. Kc3 Bb4+ 53. Kd4 Bc5+ 54. Kc4 Bb4 55. Kd3 Bc5 56. Ke4 Bd6 57. Kd4 Bc5+ 58. Ke4 {[%emt 0:00:16] Weighted Error Value: White=0.10 (very precise) /Black=0.09 (flawless) .  Mistake:       	White=2     	Black=2      Inaccurate:     	White=1     	Black=1      OK:         	White=12    	Black=25     Best:        	White=1     	Black=2      Strong:       	---       	Black=1} 1/2-1/2

[Event "French Top 16-A 2024"]
[Site "Chartres"]
[Date "2024.06.02"]
[Round "4.8"]
[White "Grigorian, Roudolph"]
[Black "Fischer, Julie"]
[Result "1-0"]
[ECO "B13"]
[WhiteElo "2116"]
[BlackElo "2092"]
[Annotator "NA RC"]
[PlyCount "73"]
[EventDate "2024.06.01"]
[EventType "team-tourn"]
[EventCountry "FRA"]
[SourceTitle "playchess.com"]
[Source "ChessBase"]
[SourceQuality "1"]
[TimeControl "40/5400+30:1800+30"]

1. e4 c6 2. d4 d5 3. exd5 cxd5 4. Bd3 Nc6 5. c3 Nf6 6. Bf4 Bg4 7. Qb3 Qd7 8. Nd2 e6 9. Ngf3 Bxf3 10. Nxf3 a6 11. O-O Be7 12. h3 O-O 13. Rfe1 b5 14. Ne5 Nxe5 15. dxe5 Nh5 16. Be3 f5 17. exf6 Nxf6 18. Bd4 Bd6 19. a4 bxa4 20. Qxa4 Qe7 21. Bf5 e5 22. Qc6 g6 23. Bxe5 Bxe5 24. Be6+ Kh8 25. Rxe5 Rad8 26. Rxa6 Nd7 27. Qc7 Qh4 28. Re2 Nf6 29. Ra7 Qh6 30. Re3 d4 31. cxd4 Rxd4 32. Qe5 Qf4 33. Qxf4 Rxf4 34. g3 Rb4 35. b3 Ne4 36. Bc4 Re8 37. f3 1-0

[Event "French Top 16-A 2024"]
[Site "Chartres"]
[Date "2024.06.02"]
[Round "4.9"]
[White "Grigoryan, Karen H."]
[Black "Santos Latasa, Jaime"]
[Result "1/2-1/2"]
[ECO "E36"]
[WhiteElo "2583"]
[BlackElo "2626"]
[Annotator "TA"]
[PlyCount "144"]
[EventDate "2024.06.01"]
[EventType "team-tourn"]
[EventCountry "FRA"]
[SourceTitle "playchess.com"]
[Source "ChessBase"]
[SourceQuality "1"]
[TimeControl "40/5400+30:1800+30"]

1. d4 Nf6 2. c4 e6 3. Nc3 Bb4 4. Qc2 d5 5. a3 Bxc3+ 6. Qxc3 O-O 7. Nf3 b6 {[%emt 0:01:00] E36: Nimzo-Indian: Classical: 4...d5 5 a3.} 8. Bg5 dxc4 9. Qxc4 Ba6 10. Qc2 h6 11. Bh4 Nbd7 12. e4 Qc8 13. O-O-O Bb7 $146 ({Predecessor:} 13... Bxf1 14. Rhxf1 Qb7 15. Rfe1 Rac8 16. Kb1 Rfe8 17. Qe2 c5 18. dxc5 Rxc5 19. Nd4 b5 {½-½ Maiorov,N (2525)-Arribas Lopez,A (2379) San Sebastian op 32nd 2009 (6)}) 14. e5 Nd5 15. Kb1 c5 16. Rc1 cxd4 17. Qd2 Nc5 18. Nxd4 Ba6 19. f4 Bxf1 20. Rhxf1 Qa6 21. Rf3 Rac8 22. Re1 Qa5 23. Qxa5 bxa5 24. f5 Rc7 25. Nb5 Rb7 26. Nd6 Rb3 27. Rxb3 Nxb3 28. Bf2 exf5 29. Nxf5 Nd2+ 30. Ka1 Nc4 31. Bxa7 Re8 32. Bd4 a4 33. Ka2 Nd2 34. Rc1 Nb3 35. Rc4 Nxd4 36. Nxd4 Rxe5 37. Rxa4 Re4 38. Ra8+ Kh7 39. Nf3 $1 Re2 40. Rd8 Nc3+ 41. Kb3 Ne4 42. a4 Rxg2 43. a5 Rf2 44. Nd4 Rxh2 45. Rd5 Rh1 (45... Nf6 {was worth a try.} 46. Rd8 Ne4) 46. Ka2 Rc1 47. a6 Rc8 48. a7 Ra8 {[%emt 0:00:00] [#]} 49. Nc6 $1 g5 50. Rd8 Rxa7+ 51. Nxa7 h5 52. Nc6 h4 53. Rd7 Kg6 {[%emt 0:00:00] [#]} 54. Ne5+ $1 Kf5 55. Nxf7 h3 56. Nd6+ $2 (56. Nh6+ $18 Kg6 57. Ng4) 56... Ke6 $11 57. Nxe4 ({Don't play} 57. Rh7 Kxd6 58. Rxh3 Ke5 $11) 57... Kxd7 58. b4 h2 59. Ng3 Kd6 60. Kb3 (60. Kb2 $5 g4 $8 61. Nh1 $11) 60... Ke5 61. b5 Kf4 62. Nh1 Kf3 63. b6 Kg2 64. b7 Kxh1 65. b8=Q (65. b8=R $2 {too greedy.} Kg2 66. Rg8 h1=Q $19 (66... h1=R 67. Rxg5+ Kf3 68. Rg6 $11)) 65... g4 $1 66. Kc3 Kg2 67. Qb7+ Kg1 68. Qb1+ Kg2 69. Qe4+ Kg1 $1 70. Qxg4+ Kh1 71. Qf3+ Kg1 72. Qg3+ Kh1 1/2-1/2

[Event "French Top 16-A 2024"]
[Site "Chartres"]
[Date "2024.06.02"]
[Round "4.9"]
[White "Alonso Rosell, Alvar"]
[Black "Van Wely, Loek"]
[Result "*"]
[ECO "E20"]
[WhiteElo "2556"]
[BlackElo "2608"]
[Annotator "RC"]
[PlyCount "21"]
[EventDate "2024.06.01"]
[EventType "team-tourn"]
[EventCountry "FRA"]
[SourceTitle "playchess.com"]
[Source "ChessBase"]
[SourceQuality "1"]
[TimeControl "40/5400+30:1800+30"]

1. d4 Nf6 2. c4 e6 3. Nc3 Bb4 4. f3 c5 5. d5 b5 6. e4 d6 7. Bd2 a6 8. a4 Ba5 9. dxe6 Bxe6 10. axb5 axb5 11. cxb5 *

[Event "French Top 16-A 2024"]
[Site "Chartres"]
[Date "2024.06.02"]
[Round "4.9"]
[White "Barbot, Pierre"]
[Black "Guichard, Pauline"]
[Result "1-0"]
[ECO "E20"]
[WhiteElo "2425"]
[BlackElo "2362"]
[Annotator "RC"]
[PlyCount "45"]
[EventDate "2024.06.01"]
[EventType "team-tourn"]
[EventCountry "FRA"]
[SourceTitle "playchess.com"]
[Source "ChessBase"]
[SourceQuality "1"]
[TimeControl "40/5400+30:1800+30"]

1. d4 Nf6 2. c4 e6 3. Nc3 Bb4 4. f3 c5 5. d5 b5 6. e4 d6 7. Bd2 a6 8. a4 Ba5 9. dxe6 Bxe6 10. axb5 axb5 11. cxb5 Nbd7 12. Nge2 d5 13. exd5 Bxd5 14. Rxa5 Rxa5 15. Nxd5 Nxd5 16. Bxa5 Qxa5+ 17. Qd2 Qa1+ 18. Kf2 N7f6 19. Ng3 O-O 20. Bc4 Qa8 21. Nf5 Kh8 22. Rd1 Nc7 23. Nxg7 1-0

[Event "French Top 16-A 2024"]
[Site "Chartres"]
[Date "2024.06.02"]
[Round "4.10"]
[White "Albornoz Cabrera, Carlos Daniel"]
[Black "Ter-Sahakyan, Samvel"]
[Result "0-1"]
[ECO "B97"]
[WhiteElo "2612"]
[BlackElo "2652"]
[Annotator "TA"]
[PlyCount "76"]
[EventDate "2024.06.01"]
[EventType "team-tourn"]
[EventCountry "FRA"]
[SourceTitle "playchess.com"]
[Source "ChessBase"]
[SourceQuality "1"]
[TimeControl "40/5400+30:1800+30"]

1. e4 c5 2. Nf3 d6 3. d4 cxd4 4. Nxd4 Nf6 5. Nc3 a6 6. Bg5 e6 7. f4 Qb6 8. Nb3 Nbd7 9. Qd2 Qc7 10. O-O-O b5 {[%emt 0:01:03] And now ...b4 would win.} 11. a3 Bb7 {[%emt 0:03:48] The position is equal.} 12. Bd3 Be7 13. Qe1 Rd8 14. Rf1 Nc5 15. Nxc5 dxc5 16. e5 c4 17. Be2 Rxd1+ 18. Bxd1 Nd5 19. Nxd5 Bxd5 20. Bxe7 Qxe7 21. Qe3 O-O 22. g4 b4 23. axb4 Qxb4 24. c3 Qa5 25. Bc2 $2 {[%emt 0:00:06][%mdl 8192] Now White is beyond hope.} (25. Kb1 $1 $11) 25... Qa1+ $19 26. Bb1 {[%emt 0:00:13] [#] Threatens to win with f5.} a5 $1 ({Not} 26... Rb8 27. Rf2 $11) 27. Re1 $2 (27. Rd1) 27... Rb8 28. Re2 {[%emt 0:00:07] [#]} a4 $1 29. Qa7 Ra8 30. Qb6 a3 31. bxa3 Qxc3+ 32. Bc2 Qxa3+ ({Stronger than} 32... Rxa3 33. Qd8#) 33. Kd2 Qf3 {[%emt 0:05:42] ( -> ...c3+)} 34. Qe3 Qxg4 35. Qg3 h5 36. Re3 Ra2 {[%emt 0:01:10] White must now prevent ...Qf5.} 37. Qf2 $2 (37. Qxg4 hxg4 38. Kc3) 37... Qf5 38. Kc1 {[%emt 0:00:12] [#]} Be4 $1 {[%emt 0:00:48][%mdl 512] Weighted Error Value: White=0.54/Black=0.22 (precise) .  Loses game:     	White=1     	---        Mistake:       	White=2     	---        Inaccurate:     	White=2     	---        OK:         	White=9     	Black=8      Best:        	White=2     	Black=2      Strong:       	---       	Black=1} 0-1

[Event "French Top 16-A 2024"]
[Site "Chartres"]
[Date "2024.06.02"]
[Round "4.10"]
[White "Alonso Rosell, Alvar"]
[Black "Van Wely, Loek"]
[Result "0-1"]
[ECO "E32"]
[WhiteElo "2556"]
[BlackElo "2608"]
[Annotator "TA"]
[PlyCount "76"]
[EventDate "2024.06.01"]
[EventType "team-tourn"]
[EventCountry "FRA"]
[SourceTitle "playchess.com"]
[Source "ChessBase"]
[SourceQuality "1"]
[TimeControl "40/5400+30:1800+30"]

1. d4 Nf6 2. c4 e6 3. Nc3 Bb4 4. Qc2 O-O 5. a3 Bxc3+ 6. Qxc3 b6 7. Bg5 Bb7 8. e3 d6 9. Ne2 Nbd7 10. Qd3 c5 {[%emt 0:07:47] The position is equal.} 11. Rd1 Rc8 12. Nc3 Qe7 13. Be2 (13. Bh4 $14) 13... Ba6 14. e4 Rfd8 ({Black should play} 14... h6 $11 15. Bh4 g5) 15. d5 h6 (15... Ne5 16. Qg3 Ng6 (16... Nxc4 $2 17. O-O $18) (16... Bxc4 $2 17. f4 $18) 17. O-O $16) 16. Bh4 Ne5 17. Qc2 Bxc4 18. Bxc4 Nxc4 {[%emt 0:00:03] A dynamic duo of knights.} 19. dxe6 fxe6 ({Don't play} 19... Qxe6 $6 20. Bxf6 gxf6 (20... Qxf6 $2 {too greedy.} 21. Nd5 $18) 21. O-O $16) 20. O-O $1 Qf7 $36 {[%emt 0:08:08][%mdl 2048] White is under pressure.} 21. Nb5 ({Better is} 21. Qe2 $11 Ne5 22. Nb5) 21... d5 $15 22. b3 {[%emt 0:00:12] [#] White is on the road to losing.} Ne5 23. exd5 exd5 24. Bg3 a6 $1 25. Na7 (25. Nd6 $17 {was worth a try.} Rxd6 26. Bxe5) 25... Nf3+ $1 $19 (25... Qxa7 26. Bxe5 Qf7 27. Qd3 $15) 26. gxf3 Qxa7 27. Be5 Qf7 28. Qf5 d4 29. Qd3 (29. Rfe1 {is a better defense.}) 29... b5 {[%emt 0:01:38] Black is clearly winning.} 30. Rfe1 c4 31. bxc4 bxc4 32. Qf5 d3 33. Ba1 Nd5 34. Qg4 Rc6 {[%emt 0:00:47] [#] And now ...Rg6 would win.} 35. Kh1 Rg6 36. Qe4 Kh7 {[%emt 0:03:13][%cal Od8e8] ...Re8! is the strong threat.} 37. Rg1 Re8 38. Rxg6 Rxe4 {[%emt 0:00:26] Weighted Error Value: White=0.63/Black=0.11 (very precise) .  Mistake:       	White=4     	Black=1      Inaccurate:     	White=5     	Black=2      OK:         	White=7     	Black=13     Best:        	White=1     	Black=3      Strong:       	White=1     	Black=1} 0-1

[Event "French Top 16-A 2024"]
[Site "Chartres"]
[Date "2024.06.02"]
[Round "4.11"]
[White "Pichot, Alan"]
[Black "Girel, Joseph"]
[Result "1/2-1/2"]
[ECO "B33"]
[WhiteElo "2635"]
[BlackElo "2477"]
[Annotator "TA"]
[PlyCount "47"]
[EventDate "2024.06.01"]
[EventType "team-tourn"]
[EventCountry "FRA"]
[SourceTitle "playchess.com"]
[Source "ChessBase"]
[SourceQuality "1"]
[TimeControl "40/5400+30:1800+30"]

1. e4 c5 2. Nf3 Nc6 3. d4 cxd4 4. Nxd4 Nf6 5. Nc3 e5 6. Ndb5 d6 7. Nd5 Nxd5 8. exd5 Nb8 9. c4 Be7 10. Bd3 O-O 11. O-O a6 12. Nc3 f5 13. f3 Nd7 14. a3 Qb6+ 15. Kh1 Qd4 16. Ne2 {[%emt 0:03:21] The position is equal.} Qh4 17. Bd2 Bg5 18. g3 Qh6 19. f4 exf4 20. gxf4 Bf6 21. Bc3 Nc5 22. Bxf6 Rxf6 23. Ng3 Bd7 24. b4 {[%emt 0:03:23] Weighted Error Value: White=0.05 (flawless) /Black=0.02 (flawless) .  Inaccurate:     	White=1     	---        OK:         	White=3     	Black=5      Best:        	White=1     	---} 1/2-1/2

[Event "French Top 16-A 2024"]
[Site "Chartres"]
[Date "2024.06.02"]
[Round "4.11"]
[White "Gharamian, Tigran"]
[Black "Ramirez Garcia, Jorge Alberto"]
[Result "1-0"]
[ECO "B40"]
[WhiteElo "2588"]
[BlackElo "2266"]
[Annotator "TA"]
[PlyCount "85"]
[EventDate "2024.06.01"]
[EventType "team-tourn"]
[EventCountry "FRA"]
[SourceTitle "playchess.com"]
[Source "ChessBase"]
[SourceQuality "1"]
[TimeControl "40/5400+30:1800+30"]

1. e4 c5 2. Nf3 e6 3. g3 d5 4. Nc3 dxe4 5. Nxe4 Be7 6. d4 cxd4 7. Qxd4 Qxd4 8. Nxd4 {[%emt 0:00:00] White is slightly better.} a6 {[%emt 0:11:41] Repels Nb5} 9. Be3 {[%emt 0:00:00] White has more active pieces.} e5 10. Nb3 Nc6 11. O-O-O {[%emt 0:00:00] White now steadily converts the win.} Bg4 {[%emt 0:00:47][%cal Og4f3] [#] Strongly threatening ...Bf3!} 12. Nd6+ Kf8 13. Rd2 {[%emt 0:00:00] And now Bg2 would win.} Nd4 14. Nxd4 $18 (14. Nxb7 $2 Nxb3+ 15. axb3 Bf3 $19) 14... Bxd6 15. Ne6+ Ke7 (15... fxe6 $16 {might work better.} 16. Rxd6 Bf3) 16. Nxg7 Bb4 17. c3 Rc8 (17... Bf3 {keeps fighting.}) 18. Bg2 Bc5 19. h3 Bxe3 20. fxe3 Bd7 21. Bxb7 Rc7 22. Be4 Kf6 $2 {[%emt 0:01:07] [#]} (22... Nf6 {was worth a try.} 23. Nf5+ Bxf5 24. Bxf5 h5) 23. Nf5 $1 Bxf5 24. Rf1 Ne7 25. Bxf5 (25. Rd6+ Kg5 26. Bxf5 Nxf5 27. Rxa6 Rc4 $17 (27... Nxe3 28. Re1 $11) (27... Nxg3 28. Rg1 $11)) 25... Nxf5 26. Rdf2 Ke6 27. Rxf5 {[%emt 0:00:00][%mdl 4096] Endgame. KRR-KRR} h5 28. e4 Rh6 29. Kd2 f6 30. R1f3 Rg7 31. Ke2 Rhg6 32. b4 ({Weaker is} 32. Rxh5 Rxg3 33. Rh8 Rg8 34. Rxg8 Rxg8 $16) 32... a5 33. b5 (33. bxa5 Ra7 34. c4 (34. Rxh5 Rxa5 35. Kd3 Rxa2 $18) 34... Rxa5 $16) 33... a4 $2 (33... Kd6 34. Rxf6+ (34. Rxh5 Kc5 $18) 34... Rxf6 35. Rxf6+ Kc5) 34. Kd3 Rxg3 35. Rxf6+ Ke7 36. Kc4 Rxh3 37. Rxh3 Kxf6 38. Rxh5 {[%emt 0:00:00] aiming for b6. KR-KR} Rg2 39. a3 {[%emt 0:01:11] b6 is the strong threat.} Rb2 40. Rh6+ Kg5 41. Ra6 Kf4 42. Rxa4 Kxe4 43. Rb4 {[%emt 0:00:25] Weighted Error Value: White=0.14 (very precise) /Black=0.55.  Mistake:       	---       	Black=5      Inaccurate:     	White=1     	---        OK:         	White=14    	Black=11     Best:        	White=4     	---} 1-0

[Event "French Top 16-A 2024"]
[Site "Chartres"]
[Date "2024.06.02"]
[Round "4.12"]
[White "Kunin, Vitaly"]
[Black "Fedorchuk, Sergey A."]
[Result "0-1"]
[ECO "E12"]
[WhiteElo "2525"]
[BlackElo "2546"]
[Annotator "TA"]
[PlyCount "92"]
[EventDate "2024.06.01"]
[EventType "team-tourn"]
[EventCountry "FRA"]
[SourceTitle "playchess.com"]
[Source "ChessBase"]
[SourceQuality "1"]
[TimeControl "40/5400+30:1800+30"]

1. d4 Nf6 2. c4 e6 3. Nf3 b6 4. a3 Bb7 5. Nc3 d5 6. cxd5 Nxd5 7. Qc2 Be7 8. e4 Nxc3 9. bxc3 O-O 10. Bd3 c5 11. O-O Qc8 12. Qe2 Ba6 13. Rd1 cxd4 14. cxd4 Bxd3 15. Rxd3 Nd7 {[%emt 0:00:17] The position is equal.} 16. e5 Qc4 17. Bg5 Bxg5 18. Nxg5 Rac8 19. Rad1 Rc6 20. Qh5 h6 21. Ne4 Qd5 (21... Nxe5 $5 22. Nf6+ (22. Qxe5 $2 Qxd3 23. Rf1 Qxa3 $19) 22... gxf6 23. dxe5 Kh7 $16 (23... Qf4 24. Rf3 $14)) 22. Nc3 Qa5 23. Ne4 {[%emt 0:02:35] aiming for Rg3.} Qd5 24. Qh4 (24. Qe2 $14) 24... Nxe5 $1 $19 25. Nf6+ $2 (25. dxe5 $2 Qxd3 26. Qg4 (26. Nf6+ $2 gxf6 27. Qg4+ Qg6 $19) 26... Qxd1+ (26... Qxa3 $2 27. Nf6+ Kh8 28. Qe4 $19) 27. Qxd1 Rfc8 $19) (25. Nc3 Qc4 26. Rg3) 25... gxf6 26. Rg3+ {[%emt 0:00:04] [#]} (26. dxe5 $2 Qxd3 (26... Qxe5 $2 27. Qxh6 Rc3 28. Rd8 $18) 27. Qg4+ Qg6) 26... Ng6 $1 27. Qxh6 Rfc8 28. h4 {[%emt 0:00:12] Black must now prevent h5.} Rc3 29. Rg4 R3c5 (29... Rxa3 $2 30. h5 Ra5 (30... Qf5 31. hxg6 fxg6 32. Rxg6+) 31. hxg6 $18) (29... Qf5 30. f3 $11) 30. Rxg6+ fxg6 31. Qxg6+ Kf8 {[%emt 0:00:02] Black is clearly winning.} 32. Qxf6+ Ke8 33. Re1 {[%emt 0:01:09] [#]} R5c6 34. Re5 Qd6 (34... Qxd4 $2 35. Rxe6+ Rxe6 36. Qxd4 $18) 35. g3 {[%emt 0:05:12] d5 would now be deadly.} Qe7 (35... Qxd4 $2 36. Rxe6+ Rxe6 37. Qxd4 $18) 36. Qh6 Kd7 (36... Qxa3 $2 37. Rg5 Rc1+ (37... Qf8 $2 38. Rg7 $18) 38. Kg2 $19) 37. h5 Rd6 38. Qe3 Qf6 39. Re4 Qf5 40. h6 Rh8 {[%emt 0:00:30][%cal Oh8h6] Hoping for ...Rxh6!} 41. Rh4 Rd5 42. Qb3 Rb5 43. Qa4 Kd6 {[%emt 0:00:00] ( -> ...Rb1+)} 44. d5 Rb1+ 45. Kg2 Qxd5+ (45... Kxd5 $2 {loses.} 46. Qd7+ (46. Qxa7 $2 {too greedy.} Qh7 $19) (46. Qd4+ Kc6 $18) 46... Kc5 47. Qc7+ (47. Qxa7 Qd5+ 48. f3 Rb2+ 49. Kh3 Qf5+ 50. Rg4 Rxh6#) (47. Qd4+ Kc6 $18) 47... Kd5 48. Qc4+ (48. Qxa7 $2 Qh7 $19) (48. Qd7+ Kc5 $18) 48... Kd6 49. Rd4+ $18) 46. Re4 Rxh6 {[%emt 0:00:00] Weighted Error Value: White=0.53/Black=0.12 (very precise) .  Loses game:     	White=1     	---        Mistake:       	White=1     	---        Inaccurate:     	White=2     	Black=2      OK:         	White=10    	Black=7      Best:        	White=1     	Black=4      Strong:       	---       	Black=2} 0-1

[Event "French Top 16-A 2024"]
[Site "Chartres"]
[Date "2024.06.02"]
[Round "4.12"]
[White "De Balmann, Marc"]
[Black "Van Foreest, Jorden"]
[Result "0-1"]
[ECO "D02"]
[WhiteElo "2151"]
[BlackElo "2665"]
[Annotator "TA"]
[PlyCount "140"]
[EventDate "2024.06.01"]
[EventType "team-tourn"]
[EventCountry "FRA"]
[SourceTitle "playchess.com"]
[Source "ChessBase"]
[SourceQuality "1"]
[TimeControl "40/5400+30:1800+30"]

1. Nf3 d5 2. g3 Nd7 3. d4 Nb6 4. Bg2 Bf5 5. O-O Nf6 6. b3 h5 7. Nbd2 e6 8. Re1 c6 9. Bb2 Be7 10. c4 Ne4 11. Nxe4 Bxe4 12. Nd2 Bxg2 13. Kxg2 dxc4 14. Nxc4 Bb4 15. Nxb6 axb6 16. Rf1 Qd5+ 17. f3 h4 18. e4 Qh5 19. g4 h3+ 20. Kh1 Qg6 21. Qe2 Bd6 22. a4 Bf4 23. Bc1 Qg5 24. Bxf4 Qxf4 25. Rad1 Ra5 26. Qd2 Qxd2 27. Rxd2 b5 28. axb5 Rxb5 29. Rd3 Ke7 30. Kg1 Ra5 31. Rfd1 Ra2 32. R3d2 Rxd2 33. Rxd2 Rd8 34. Kf2 e5 35. d5 cxd5 36. exd5 Kd6 37. Kg3 {[%emt 0:03:39] [#]} (37. Rc2 $11) 37... Rh8 ({Black should try} 37... Rc8 $1 $17 {White must now prevent ...Rc3.} 38. Rd3 Rc5) 38. g5 (38. Ra2 $11 {remains equal.}) 38... b5 (38... Rc8 $17 39. Rd3 b5) 39. b4 Rc8 40. Kxh3 Rc4 41. Rb2 $1 Kxd5 42. Kg3 g6 43. h4 Rd4 44. Rb1 Kc4 (44... Kc6 $15) 45. Re1 $11 Kxb4 46. Rxe5 Rd7 47. f4 Kc4 48. f5 b4 49. fxg6 fxg6 50. h5 Rd3+ 51. Kh2 b3 52. hxg6 b2 53. Re1 Rd5 54. Rg1 Rxg5 55. Rxg5 b1=Q (55... b1=B 56. g7 Bh7 57. g8=Q+ (57. g8=B+ Bxg8 58. Rxg8 Kd5 59. Kg3 Ke5 60. Rd8 Ke4 61. Kf2 Ke5) 57... Bxg8 58. Rxg8 Kd5 59. Rg5+ Kd4 60. Kg2) 56. g7 Qb8+ 57. Rg3 (57. Kh3 $5 Qg8 $8 58. Kg2 $11) 57... Qg8 58. Kg2 Kd4 59. Kh3 Ke4 60. Kg2 Ke5 61. Kh3 Kf4 (61... Ke6 $11) 62. Kg2 $15 Qd5+ (62... Kf5 $1 $15) 63. Kh2 $11 Qh5+ 64. Kg2 $2 (64. Kg1 $11) 64... Qe2+ 65. Kh3 {[%emt 0:00:08] [#]} Qe1 $1 66. Rg4+ Kf3 67. Kh2 Qd2+ (67... Kxg4 68. g8=Q+ Kf5 69. Qh7+ Kf4 70. Qh6+ Ke5 71. Qh8+ Kf5 72. Qh5+ Kf6 73. Qh8+ Kf7 74. Qh7+ Kf6 75. Qh3 $11) 68. Kg1 Qc1+ ({Worse is} 68... Kxg4 69. g8=Q+ Qg5 70. Qxg5+ Kxg5 $11) 69. Kh2 Qc2+ ({And not} 69... Kxg4 70. g8=Q+ Qg5 71. Qxg5+ Kxg5 $11) 70. Kh1 Qh7+ ({Inferior is} 70... Kxg4 71. g8=Q+ Kf3 72. Qf8+ Kg4 73. Qg8+ Kh3 74. Qe6+ Kg3 75. Qg8+ Kf4 76. Qb8+ Kf5 77. Qg3 $11) 0-1